AoeStats
← NInJA

Arabia

508287116Analyzed
1v1 RM · 12d ago on Sep 21, 2026· 32m 53s· 2 players
Game mode
Random Map
Map size
Tiny (2 player)
Population
200
Speed
Normal
Resources
Standard
Victory
Conquest
Starting age
Dark Age
Ending age
Imperial Age
RankedLock teamsTeams togetherTeam positionsShared explorationLock speedFull tech treeHidden civsTurbo modeCheats
Victory
Defeat
🇦🇷 Hindustanis · Argentina
1131
+16
🇩🇪 Britons · Germany
1134
-16
SINAPODO
6:35 Loom
9:38 Feudal Age
17:32 Castle Age
15:40 Horse Collar
18:10 Double-Bit Axe
19:01 Gold Mining
19:35 Scale Mail Armor
21:06 Squires
24:10 Chain Mail Armor
24:33 Forging
26:38 Bow Saw
30:18 Scale Barding Armor
30:53 Bloodlines
31:33 Heavy Plow
32:40 Chain Barding Armor
32:55 Iron Casting
NInJA
7:43 Loom
10:24 Feudal Age
12:51 Double-Bit Axe
17:41 Castle Age
16:14 Horse Collar
19:02 Fletching
21:10 Crossbowman
22:58 Padded Archer Armor
26:56 Bodkin Arrow
27:08 Scale Barding Armor
Connection lost

Rejoining the realm…

Still unreachable

The connection could not be restored.

Session expired

The server has moved on; the page needs a fresh start.